 Dungeon Crawl Stone Soup version 0.22-a0-293-gc9362ec (webtiles) character file.

449 Amnesiac the Conjurer (level 6, 0/49 HPs)
             Began as a Demigod Wizard on Mar 25, 2018.
             Slain by a goblin
             ... wielding a +0 club
             ... led by Robin
              (6 damage)
             ... on level 4 of the Dungeon.
             The game lasted 00:05:48 (3253 turns).

Amnesiac the Conjurer (Demigod Wizard)              Turns: 3253, Time: 00:05:49

Health: 0/49       AC:  4    Str:  7 (10) XL:     6   Next: 45%
Magic:  4/15       EV: 12    Int: 29 (31) God:
Gold:   228        SH:  0    Dex: 12 (14) Spells: 4/13 levels left

rFire    . . .     SeeInvis .   c - +6 club
rCold    . . .     Gourm    .   (no shield)
rNeg     . . .     Faith    .   a - +0 robe
rPois    .         Spirit   .   f - +0 helmet
rElec    .         Reflect  .   (no cloak)
rCorr    .         Harm     .   q - +0 pair of gloves
MR       .....                  (no boots)
Stlth    ++........             (no amulet)
HPRegen  0.16/turn              (no ring)
MPRegen  0.14/turn              (no ring)

@: brilliant, berserk cooldown, slowed, very slow
A: high mp 1
a: no special abilities


You were on level 4 of the Dungeon.
You were not hungry.

You visited 1 branch of the dungeon, and saw 4 of its levels.

You collected 228 gold pieces.

Inventory:

Hand Weapons
 c - a +6 club (weapon)
Missiles
 r - 8 poisoned needles
Armour
 a - a +0 robe (worn)
 f - a +0 helmet (worn)
 q - a +0 pair of gloves (worn)
Wands
 n - a wand of digging (17)
Scrolls
 e - 2 scrolls of identify {!r}
 j - 6 scrolls of amnesia {!r}
Potions
 b - a potion of degeneration {!q}
 g - a potion of curing {!q}
 i - a potion of brilliance {!q}
 m - 2 potions of cancellation {!q}
 o - 2 potions of flight {!q}
Comestibles
 d - 8 rations
 l - 9 chunks of flesh


   Skills:
 - Level 2.3 Fighting
 + Level 1.9 Dodging
 - Level 1.7 Stealth
 - Level 4.0 Spellcasting
 - Level 4.0 Conjurations
 - Level 0.8 Summonings
   Level 0.8 Translocations
 - Level 2.3 Evocations


You had 4 spell levels left.
You knew the following spells:

 Your Spells              Type           Power        Failure   Level  Hunger
a - Magic Dart            Conj           ####         1%          1    None
b - Call Imp              Summ           ####....     1%          2    None
e - Mephitic Cloud        Conj/Pois/Air  ####....     1%          3    ##.....
s - Conjure Flame         Conj/Fire      ####....     1%          3    ##.....


Dungeon Overview and Level Annotations

Branches:
Dungeon (4/15)
 Temple: D:4-7

Portals:
Ossuary: D:4

Annotations:
D:4 Robin


Innate Abilities, Weirdness & Mutations

You have an increased reservoir of magic. (+10% MP)


Message History

Your Fighting skill increases to level 2!
Your Evocations skill increases to level 2!
You need to enable at least one skill for training.
The hound bites your crimson imp.
The goblin barely misses your crimson imp. x2
The goblin closely misses your crimson imp.
You sock the giant cockroach!
You kill the giant cockroach!
The hound closely misses your crimson imp.
The goblin hits your crimson imp with a club.
You thump the goblin!
You kill the goblin!
The hound barely misses your crimson imp.
The goblin barely misses your crimson imp.
The hound barely misses your crimson imp.
The goblin hits your crimson imp with a club.
The goblin dies!
The goblin closely misses your crimson imp.
You sock the hobgoblin!
You kill the hobgoblin!
The hound dies!
The goblin closely misses your crimson imp.
The goblin moves out of view.
The hobgoblin hits your crimson imp with a club.
Your crimson imp blinks!
You feel a strong urge to attack something.
You are no longer berserk.
You are exhausted.
You feel yourself slow down.
The hobgoblin dies!
What are your orders? t - Shout!
Orders for allies: a - Attack new target. r - Retreat! s - Stop attacking. g - Guard the area. f - Follow me.
Anything else - Cancel.
Gang up on whom?
Press: ? - help, Dir - move target cursor, f - goblin
Aim: a goblin, wielding a club Attack!
Your crimson imp disappears in a puff of smoke!
The goblin barely misses your crimson imp.
Your crimson imp blinks!
Robin shouts!
Robin roars a battlecry!
The goblins go into a battle-frenzy!
Your crimson imp blinks! x2
Your magical contamination has completely faded away.
Your crimson imp disappears in a puff of smoke!
Robin throws the goblin at you!
* * * LOW HITPOINT WARNING * * *
The goblin hits you but does no damage. The goblin misses you.
Some of the chunks of flesh in your inventory have rotted away.
Really quaff
g - 2 potions of curing {!q}?
You feel better. The goblin misses you. The goblin barely misses you.
The goblin closely misses you. The goblin completely misses you.
The goblin hits you with a club.
* * * LOW HITPOINT WARNING * * *
The goblin hits you with a dagger.
* * * LOW HITPOINT WARNING * * *
The goblin no longer looks unusually strong.
Robin roars a battlecry!
The goblin goes into a battle-frenzy!
The goblin hits you with a club.
You die...

...##.# #PPP##)†# ..###.#
#P_P.P†.### .## #.#
#PP.....P.#### ## #.#
####PP......P# ####.# ###
#..###...PP_.# ##....###.##
#...##.g##.P.# ...#..##.#.##
#...##gg######
..###...###.####.g.##.##....
.'#.##..# ##....@g.gg....#
##.∩.##.# ##....gg.......#
.##.##..# ##..............#
..###...###.####...#####....
#..#...>.#.## #...# .##.#
##......#.## #...# . .
....#...### #...# ##
....##.## #...# ##.....#


You could see Robin and 5 goblins.

Vanquished Creatures
  Menkaure (D:4)
  A water moccasin (D:2)
  A hound (D:4)
  Jessica (D:3)
  An orc wizard (D:4)
  A worker ant (D:4)
  7 adders
  2 adder skeletons (D:4)
  2 dart slugs
  3 leopard geckos
  An orc (D:3)
  8 bats
  3 giant cockroaches
  5 goblins
  10 hobgoblins
  3 jackals (D:1)
  4 kobolds
  2 quokkas (D:3)
  A ball python (D:2)
  5 frilled lizards
  4 rats
66 creatures vanquished.

Vanquished Creatures (collateral kills)
  A hound (D:4)
  A goblin (D:4)
  A hobgoblin (D:4)
  A jackal (D:1)
4 creatures vanquished.

Vanquished Creatures (others)
  An ogre (D:4)
  A worker ant (D:4)
  An adder (D:4)
3 creatures vanquished.

Grand Total: 73 creatures vanquished

Notes
Turn   | Place    | Note
-------+----------+-------------------------------------------
     0 | D:1      | Amnesiac the Demigod Wizard began the quest for the Orb.
     0 | D:1      | Reached XP level 1. HP: 14/14 MP: 6/6
     4 | D:1      | Reached skill level 1 in Conjurations
   181 | D:1      | Reached XP level 2. HP: 14/20 MP: 0/8
   185 | D:1      | Learned a level 2 spell: Call Imp
  1153 | D:2      | Reached XP level 3. HP: 24/26 MP: 5/10
  1158 | D:2      | Learned a level 3 spell: Mephitic Cloud
  1536 | D:2      | Noticed a water moccasin
  1959 | D:3      | Noticed Jessica
  1963 | D:3      | Killed Jessica
  1963 | D:3      | Reached XP level 4. HP: 33/33 MP: 6/11
  1976 | D:3      | Learned a level 3 spell: Conjure Flame
  2085 | D:2      | Killed a water moccasin
  2085 | D:2      | Reached XP level 5. HP: 28/38 MP: 8/13
  3029 | D:4      | Found a sand-covered staircase.
  3093 | D:4      | Killed an ogre
  3100 | D:4      | Reached skill level 1 in Fighting
  3100 | D:4      | Reached skill level 1 in Evocations
  3135 | D:4      | Found a shimmering altar of Xom.
  3204 | D:4      | Found a blossoming altar of Fedhas.
  3204 | D:4      | Found an ancient bone altar of Kikubaaqudgha.
  3218 | D:4      | Noticed Menkaure
  3220 | D:4      | Reached XP level 6. HP: 42/47 MP: 7/15
  3229 | D:4      | Noticed Robin
  3237 | D:4      | Killed Menkaure
  3253 | D:4      | Slain by a goblin

Vault maps used:
D:1:      dpeg_arrival_orchard, amethyst_killhole, nrook_mini_backslash
D:2:      serial_bayou_pond_a, minmay_misc_feat_tower, kennysheep_potato
D:3:      uniq_jessica
D:4:      grunt_temple_overflow_growth_and_decay, temple_doors_e,
          enter_ossuary_5, xom_confusion_cloud, uniq_menkaure, uniq_robin

Skill      XL: |  1  2  3  4  5  6 |
---------------+-------------------+-----
Conjurations   | 1 2 3 4 |  4.0
Spellcasting   | 3 4 |  4.0
Fighting       | 1 2 |  2.3
Evocations     | 1 2 |  2.3
Dodging        | |  1.9
Stealth        | |  1.7
Summonings     | |  0.8
Translocations | |  0.8

Action                   |  1- 3 |  4- 6 || total
-------------------------+-------+-------++-------
Melee: Unarmed           |    31 |       ||    31
       Club              |       |    11 ||    11
 Cast: Magic Dart        |    72 |    71 ||   143
       Call Imp          |     6 |     3 ||     9
       Conjure Flame     |       |     3 ||     3
  Use: Scroll            |     5 |     1 ||     6
       Potion            |     3 |     5 ||     8
  Eat: Chunk             |     2 |     5 ||     7
Armor: Robe              |     8 |     6 ||    14
Dodge: Dodged            |    41 |    26 ||    67

Table legend:
 A = Spawn XP
 B = Non-spawn XP
 C = Spawn XP percentage of total XP
 D = Spawn monster count
 E = Non-spawn monster count
 F = Spawn count percentage of total count
 G = Total turns spent on level
                    A         B        C        D         E        F      G
               +---------+---------+-------+---------+---------+-------+---------
         Total |       0 |     642 |   0.0 |       0 |      70 |   0.0 |  3253
               +---------+---------+-------+---------+---------+-------+---------
           D:1 |       0 |      30 |   0.0 |       0 |      17 |   0.0 |  1123
           D:2 |       0 |     199 |   0.0 |       0 |      17 |   0.0 |  1276
           D:3 |       0 |     113 |   0.0 |       0 |      22 |   0.0 |   614
           D:4 |       0 |     300 |   0.0 |       0 |      14 |   0.0 |   240
               +---------+---------+-------+---------+---------+-------+---------
